 Dungeon Crawl Stone Soup version 0.22-a0-135-g6f012ad (webtiles) character file.

1267 Azzok the Covert (level 8, -3/41 HPs)
             Began as a Deep Elf Enchanter on Feb 1, 2018.
             Was an Initiate of Vehumet.
             Slain by a sky beast (6 damage)
             ... on level 5 of the Dungeon.
             The game lasted 00:20:15 (7212 turns).

Azzok the Covert (Deep Elf Enchanter)               Turns: 7212, Time: 00:20:15

Health: -3/41      AC:  6    Str:  5    XL:     8   Next: 28%
Magic:  2/14       EV: 13    Int: 23    God:    Vehumet [......]
Gold:   338        SH:  0    Dex: 15    Spells: 7/13 levels left

rFire    + . .     SeeInvis .   a - +1 dagger (elec)
rCold    . . .     Gourm    .   (no shield)
rNeg     . . .     Faith    .   b - +0 robe
rPois    .         Spirit   .   s - +1 helmet
rElec    .         Reflect  .   (no cloak)
rCorr    .         Harm     .   u - +1 pair of gloves
MR       +....                  (no boots)
Stlth    ++++......             (no amulet)
HPRegen  0.13/turn              f - ring of protection from magic
MPRegen  0.14/turn              o - ring of protection from fire

@: about to teleport
A: no striking features
a: Renounce Religion


You were on level 5 of the Dungeon.
You worshipped Vehumet.
Vehumet was noncommittal.
You were hungry.

You visited 2 branches of the dungeon, and saw 7 of its levels.

You collected 338 gold pieces.

Inventory:

Hand Weapons
 a - a +1 dagger of electrocution (weapon)
 q - a +1 dagger of venom
Armour
 b - a +0 robe (worn)
 l - a +0 buckler
 s - a +1 helmet (worn)
 u - a +1 pair of gloves (worn)
Magical Staves
 y - an uncursed staff of conjuration {unknown}
Jewellery
 f - a ring of protection from magic (left hand)
 o - a ring of protection from fire (right hand)
Wands
 p - a wand of iceblast (11)
Scrolls
 g - a scroll of teleportation
 i - 4 scrolls of identify
 m - a scroll of fog
 r - a scroll of enchant armour {unknown}
 v - 2 scrolls of magic mapping {unknown}
 w - 2 scrolls of noise {unknown}
 A - a scroll of remove curse {unknown}
Potions
 e - 6 potions of curing {unknown}
 j - 3 potions of flight {unknown}
 k - 2 potions of degeneration {unknown}
 n - a potion of ambrosia {unknown}
 t - 2 potions of heal wounds {unknown}
 x - a potion of mutation {unknown}
 z - a potion of cancellation {unknown}
 B - a potion of haste {unknown}
Books
 c - a book of Maledictions

   Spells                             Type                      Level
   a - Corona                         Hexes                        1
   b - Ensorcelled Hibernation        Hexes/Ice                    2
   c - Confuse                        Hexes                        3
   d - Tukima's Dance                 Hexes                        3
   e - Dazzling Spray                 Conjuration/Hexes            3
Comestibles
 d - 15 rations
 h - a chunk of flesh


   Skills:
 * Level 7.2 Short Blades
 - Level 2.4 Dodging
 + Level 8.0 Stealth
 + Level 3.3 Shields
 - Level 3.0 Spellcasting
 - Level 4.0 Hexes


You had 7 spell levels left.
You knew the following spells:

 Your Spells              Type           Power        Failure   Level  Hunger
a - Corona                Hex            ###....      2%          1    None
b - Ensorcelled Hibernat  Hex/Ice        ##....       8%          2    ##.....
c - Confuse               Hex            ###.....     7%          3    ###....


Dungeon Overview and Level Annotations

Branches:
Dungeon (6/15)             Temple (1/1) D:5

Altars:
Okawaru
Ru
Sif Muna
Trog
Vehumet

Shops:
D:5 (


Message History

You hit the sky beast.
The sky beast is lightly wounded.
The sky beast closely misses you.
You hit the sky beast.
The sky beast is lightly wounded.
The sky beast hits you.
* * * LOW HITPOINT WARNING * * *
The sky beast shocks you.
* * * LOW HITPOINT WARNING * * *
You barely miss the sky beast.
The sky beast is lightly wounded.
The sky beast stops glowing.
Things that are here:
a chain mail; a dagger Your magical contamination has completely faded away.
As you read the scroll of teleportation, it crumbles to dust.
You feel strangely unstable. The sky beast hits you.
* * * LOW HITPOINT WARNING * * *
The sky beast shocks you.
You die...

·················▒
···8·············▒▒
··················▒
··················▒
···∩··············▒▒
···················▒▒▒▒
·············▒▒·[·····▒▒▒▒▒
···8············<·········▒
····▒········▒·▒@▒·▒▒▒·▒▒·▒
▒············▒··Y▒··▒▒····▒
▒·▒·▒·▒▒▒·▒▒▒▒▒▒··▒·▒▒▒▒▒▒▒
··▒·▒·▒▒▒·▒▒▒▒▒······▒▒·▒
·▒▒·····················▒
···▒▒▒····▒▒▒···········▒▒ ▒▒
···▒ ▒▒▒··▒ ▒····[·······▒ ▒·
···▒▒▒▒▒··▒▒▒············▒▒▒▒
▒·
·······▒····················▒
▒·


You could see a sky beast.

Vanquished Creatures
  Edmund (D:5)
  Duvessa (D:5)
  The ghost of DEFE the Shooter, an amateur DEAM (D:3)
  A bullfrog (D:3)
  Dowan (D:5)
  A wyvern zombie (D:6)
  2 crimson imps
  A bullfrog zombie (D:3)
  A jelly (D:6)
  2 hounds
  A gnoll shaman (D:4)
  2 bullfrog skeletons
  2 orc wizards (D:5)
  A centaur skeleton (D:4)
  2 iguanas
  Natasha (twice) (D:4 D:6)
  A worker ant (D:4)
  A hound skeleton (D:4)
  10 gnolls
  4 adders
  3 oozes
  2 adder skeletons
  4 worms
  5 dart slugs
  7 leopard geckos
  9 orcs
  9 bats
  8 giant cockroaches
  12 goblins
  14 hobgoblins
  4 jackals (D:2)
  4 quokkas
  2 ball pythons (D:1)
  5 frilled lizards
  10 kobolds
  10 rats
146 creatures vanquished.

Vanquished Creatures (others)
  A worm (D:2)
1 creature vanquished.

Grand Total: 147 creatures vanquished

Notes
Turn   | Place    | Note
-------+----------+-------------------------------------------
     0 | D:1      | Azzok the Deep Elf Enchanter began the quest for the Orb.
     0 | D:1      | Reached XP level 1. HP: 10/10 MP: 6/6
   161 | D:1      | Reached skill level 4 in Stealth
   185 | D:1      | Reached XP level 2. HP: 15/15 MP: 5/8
   243 | D:1      | Learned a level 2 spell: Ensorcelled Hibernation
   831 | D:1      | Reached XP level 3. HP: 13/19 MP: 4/9
  1782 | D:2      | Reached skill level 5 in Stealth
  1782 | D:2      | Reached XP level 4. HP: 14/24 MP: 5/10
  1905 | D:2      | Learned a level 3 spell: Confuse
  2863 | D:3      | Noticed a bullfrog
  2868 | D:3      | Killed a bullfrog
  2868 | D:3      | Reached XP level 5. HP: 28/28 MP: 8/11
  3118 | D:3      | Found a bloodstained altar of Trog.
  3296 | D:3      | Noticed DEFE's ghost (amateur DEAM)
  3619 | D:3      | Reached skill level 6 in Stealth
  3619 | D:3      | Reached skill level 1 in Shields
  3725 | D:3      | Killed DEFE's ghost
  3725 | D:3      | Reached XP level 6. HP: 32/32 MP: 8/12
  4263 | D:4      | Reached skill level 5 in Short Blades
  4316 | D:4      | Noticed Natasha
  4321 | D:4      | Killed Natasha
  4556 | D:4      | Reached XP level 7. HP: 8/36 MP: 3/13
  5099 | D:4      | Found a sacrificial altar of Ru.
  5383 | D:5      | Entered Level 5 of the Dungeon
  5383 | D:5      | Noticed Edmund
  5393 | D:5      | Killed Edmund
  5393 | D:5      | Reached skill level 7 in Stealth
  5581 | D:5      | Noticed Dowan
  5582 | D:5      | Noticed Duvessa
  5599 | D:5      | Killed Duvessa
  5607 | D:5      | Killed Dowan
  5968 | D:5      | Found Rownip Xuqo's Antique Weapon Boutique.
  6297 | D:5      | Reached XP level 8. HP: 41/41 MP: 12/14
  6718 | D:5      | Found a staircase to the Ecumenical Temple.
  6727 | Temple   | Entered the Ecumenical Temple
  6735 | Temple   | Became a worshipper of Vehumet
  6954 | D:6      | Found an iron altar of Okawaru.
  7071 | D:6      | Noticed Natasha
  7080 | D:6      | Killed Natasha
  7125 | D:6      | Reached skill level 8 in Stealth
  7212 | D:5      | Slain by a sky beast

Vault maps used:
D:1:      nicolae_arrival_washed_ashore, minmay_surrounded
D:2:      cheibrodos_greedy_goblins, first_ration, lemuel_flame_loot_1
D:3:      lightli_temple_of_fire
D:4:      nicolae_ru_path_of_blood, uniq_natasha
D:5:      minmay_temple_entry_poolview, serial_shops, shop_statue, uniq_edmund,
          uniq_duvessa
D:6:      basic_altar
Temple:   regret_index_temple_sigil_plot

Skill      XL: |  1  2  3  4  5  6  7  8 |
---------------+-------------------------+-----
Stealth        | 4 5 6 7 8 |  8.0
Short Blades   | 2 4 5 6 7 |  7.2
Shields        | 1 2 3 |  3.3
Dodging        | |  2.4
Spellcasting   | |  3.0
Hexes          | |  4.0

Action                   |  1- 3 |  4- 6 |  7- 9 || total
-------------------------+-------+-------+-------++-------
Melee: Dagger            |   107 |   134 |    78 ||   319
 Cast: Corona            |     8 |     9 |     4 ||    21
       Ensorcelled Hiber |    35 |    34 |    37 ||   106
       Confuse           |       |    13 |    10 ||    23
  Use: Scroll            |       |     5 |     2 ||     7
 Stab: Sleeping          |    27 |    30 |    26 ||    83
       Distracted        |       |     1 |       ||     1
       Confused          |       |     6 |     4 ||    10
  Eat: Chunk             |     4 |    11 |    10 ||    25
Armor: Robe              |    33 |     9 |    17 ||    59
Dodge: Dodged            |   100 |    73 |    29 ||   202

Table legend:
 A = Spawn XP
 B = Non-spawn XP
 C = Spawn XP percentage of total XP
 D = Spawn monster count
 E = Non-spawn monster count
 F = Spawn count percentage of total count
 G = Total turns spent on level
                    A         B        C        D         E        F      G
               +---------+---------+-------+---------+---------+-------+---------
         Total |       0 |    1811 |   0.0 |       0 |     146 |   0.0 |  7212
               +---------+---------+-------+---------+---------+-------+---------
           D:1 |       0 |      57 |   0.0 |       0 |      32 |   0.0 |  1407
           D:2 |       0 |     118 |   0.0 |       0 |      35 |   0.0 |  1601
           D:3 |       0 |     339 |   0.0 |       0 |      27 |   0.0 |  1068
           D:4 |       0 |     361 |   0.0 |       0 |      20 |   0.0 |  1891
           D:5 |       0 |     626 |   0.0 |       0 |      18 |   0.0 |   885
           D:6 |       0 |     310 |   0.0 |       0 |      14 |   0.0 |   343
               +---------+---------+-------+---------+---------+-------+---------
